 Dungeon Crawl Stone Soup version 0.30.0-7-g0c4daa9e05 (webtiles) character file.

Game seed: 2777797982526737893

571 Majang the Poker (level 7, -6/53 HPs)
             Began as a Merfolk Gladiator on May 13, 2023.
             Splashed by a jelly's acid (10 damage)
             ... on level 4 of the Dungeon.
             The game lasted 00:19:09 (3582 turns).

Majang the Poker (Merfolk Gladiator)                Turns: 3582, Time: 00:19:10

Health: -6/53      AC:  2    Str: 14    XL:     7   Next: 34%
Magic:  7/7        EV:  8    Int:  7    God:
Gold:   66         SH:  5    Dex: 18    Spells: 6/6 levels left

rFire   . . .        a - +0 trident
rCold   . . .        (no shield)
rNeg    . . .        v - +1 chain mail {rPois}
rPois   +            c - +1 helmet
rElec   .            t - +1 cloak
rCorr   .            h - +2 pair of gloves
SInv    .            A - +0 pair of boots
Will    .....        n - amulet of reflection Stlth
                     (no ring)
HPRegen 0.28/turn    (no ring)
MPRegen 0.10/turn

%: reflection
@: corroded
A: (nimble swimmer 2), mertail
a: no special abilities


You were on level 4 of the Dungeon.
You visited 1 branch of the dungeon, and saw 4 of its levels.
You also visited: Sewer.

You collected 160 gold pieces.
You spent 94 gold pieces at shops.

Inventory:

Hand Weapons
 a - a +0 trident (weapon)
Missiles
 d - 3 throwing nets (quivered)
 e - 4 javelins
 u - 2 atropa-tipped darts
Armour
 c - a +1 helmet (worn)
 g - a +0 ring mail
 h - a +2 pair of gloves (worn)
 t - a +1 cloak (worn)
 v - a +1 chain mail of poison resistance (worn)
 A - a +0 pair of boots (worn)
Jewellery
 b - a ring of wizardry
 n - an amulet of reflection (around neck)
Scrolls
 j - 2 scrolls of vulnerability
 l - a scroll of magic mapping {unknown}
 o - a scroll of silence
 p - 4 scrolls of teleportation
 q - a scroll of immolation
 r - a scroll of fear {unknown}
 x - a scroll of blinking
 y - a scroll of poison {unknown}
 z - a scroll of amnesia
Potions
 f - 3 potions of heal wounds
 i - a potion of mutation {unknown}
 k - a potion of flight
 m - a potion of attraction
 s - 2 potions of curing
 w - a potion of berserk rage {unknown}
 B - a potion of degeneration {unknown}


   Skills:
 + Level 3.8 Fighting
 * Level 6.6 Polearms
 * Level 4.4 Throwing
 * Level 2.2 Armour
 + Level 4.9 Dodging


You had 6 spell levels left.
You didn't know any spells.
Your spell library contained the following spells:

 Spells                   Type           Power      Damage    Failure   Level
 Sandblast                Erth           0%         2d4       100%        1
 Passwall                 Tmut/Erth      0%         N/A       100%        2
 Stone Arrow              Conj/Erth      0%         3d7       100%        3


Dungeon Overview and Level Annotations

Branches:
Dungeon (4/15)              Sewer (visited)
 Temple: D:4-7

Altars:

Shops:
D:2 [


Innate Abilities, Weirdness & Mutations

((You are very nimble when in or above water. (Stealth+, EV+, Speed+++)))
Your lower body shifts to a powerful aquatic tail in water.


Message History

Reach: a) +0 trident
Press: ? - help, Dir - move target, f - jelly
Aim: a jelly (about 10% to evade your +0 trident)
You reach to attack!
You hit the jelly but do no damage. You hit the jelly.
Your hands burn!
The jelly is lightly wounded.
You block the jelly's attack.
You puncture the jelly!
Your hands burn!
The jelly is heavily wounded.
The jelly closely misses you.
You hit the jelly. The acid corrodes you!
Your hands burn!
The jelly is almost dead.
The jelly hits you but does no damage.
You hit the jelly but do no damage. The acid corrodes you!
Your hands burn!
The jelly is almost dead.
The jelly hits you but does no damage.
You hit the jelly but do no damage. The acid corrodes you!
Your hands burn!
The jelly is almost dead.
The jelly closely misses you.
You hit the jelly but do no damage.
Your hands burn!
The jelly is almost dead.
The jelly hits you but does no damage.
You hit the jelly but do no damage.
Your hands burn!
The jelly is almost dead.
The jelly barely misses you.
You hit the jelly but do no damage.
Your hands burn!
The jelly is almost dead.
The jelly hits you.
You are splashed with acid!
* * * LOW HITPOINT WARNING * * *
You hit the jelly but do no damage.
Your hands burn!
* * * LOW HITPOINT WARNING * * *
The jelly is almost dead.
The jelly hits you but does no damage.
You hit the jelly but do no damage. The acid corrodes you!
Your hands burn!
* * * LOW HITPOINT WARNING * * *
The jelly is almost dead.
The jelly hits you.
* * * LOW HITPOINT WARNING * * *
You are splashed with acid!
You die...

#.#############.#
#.# #.# #.# #.#
####.# #.# .....#
#########.# .....#
........#.# .....#
........#.#
####)###.........#.#
.......'........@.>#
.......#........J###
.......# ##......#
.......# #......#
##...### #......#
#.....# #......#
.......# #......#
.......# ########
........


You could see a jelly.

Vanquished Creatures
  A black bear (D:4)
  2 bullfrogs (Sewer)
  A scorpion (D:4)
  A hound (D:4)
  A jelly (D:3)
  Jessica (D:2)
  An iguana (D:4)
  8 adders
  A river rat (D:4)
  2 worms
  A dart slug (D:4)
  2 orcs (D:4)
  11 ball pythons
  6 bats
  5 endoplasms
  9 giant cockroaches
  4 goblins
  9 hobgoblins
  2 jackals (D:3)
  8 quokkas
  11 frilled lizards
  3 kobolds
  7 rats
97 creatures vanquished.

Notes
Turn   | Place    | Note
-------+----------+-------------------------------------------
     0 | D:1      | Majang the Merfolk Gladiator began the quest for the Orb.
     0 | D:1      | Reached XP level 1. HP: 16/16 MP: 1/1
   203 | D:1      | Reached XP level 2. HP: 23/23 MP: 2/2
   889 | D:2      | Reached XP level 3. HP: 19/28 MP: 3/3
   929 | D:2      | Noticed Jessica
   941 | D:2      | Killed Jessica
   942 | D:2      | Reached skill level 5 in Polearms
  1006 | D:2      | Found Nejutsui's Antique Armour Boutique.
  1027 | D:2      | Reached XP level 4. HP: 34/34 MP: 4/4
  1415 | D:2      | You fall into a shaft and drop 1 floor!
  1445 | D:3      | Found a faded altar of an unknown god.
  1703 | D:2      | Bought a cloak for 94 gold pieces
  1774 | D:3      | Reached XP level 5. HP: 28/41 MP: 5/5
  1900 | D:3      | Identified the +7 whip of Abomination {drain, rF+ rN+
                  | Stlth+}
  2656 | D:4      | Reached skill level 1 in Armour
  2824 | D:4      | Found a glowing drain.
  2828 | Sewer    | Entered a sewer
  2915 | Sewer    | Reached XP level 6. HP: 47/47 MP: 6/6
  3191 | Sewer    | Reached skill level 6 in Polearms
  3334 | D:4      | Reached XP level 7. HP: 52/52 MP: 7/7
  3582 | D:4      | Splashed by a jelly's acid

Illustrated notes

Levels and vault maps discovered:
D:1:      lightli_arrival_statuegarden, layout_loops_cross, fountainhead
D:2:      layout_loops_ring, serial_shops, nicolae_shop_back_alley_shop,
          uniq_jessica
D:3:      layout_loops_corners, nicolae_ecumenical_oubliette
D:4:      kennysheep_spiral_hall, layout_basic, gup_sewer_entry_bowl

Skill      XL: |  1  2  3  4  5  6 |
---------------+-------------------+-----
Polearms       | 5 6 |  6.6
Throwing       | 3 4 |  4.4
Fighting       | 3 |  3.8
Armour         | 1 2 |  2.2
Dodging        | |  4.9

Action                     |  1- 3 |  4- 6 |  7- 9 || total
---------------------------+-------+-------+-------++-------
  Melee: Trident           |    94 |   240 |    41 ||   375
         Punch             |     1 |     2 |     1 ||     4
         Tailslap          |       |     8 |       ||     8
    Use: Scroll            |       |    15 |       ||    15
 Armour: Ring mail         |    32 |    30 |       ||    62
         Leather armour    |     1 |       |       ||     1
         Chain mail        |       |    75 |    27 ||   102
  Dodge: Dodged            |    41 |    90 |    17 ||   148
  Block: Other             |     5 |    54 |     6 ||    65
         Reflection        |       |     1 |       ||     1
